[Event "Titled Tuesday Blitz May 30 Late 2023"]
[White "Ladan, Nicholas"]
[Black "Djordjevic, Dejan N"]
[WhiteFideId "30918855"]
[BlackFideId "913316"]
[WhiteElo "2167"]
[BlackElo "2261"]
[Result "1-0"]
[Round "03"]
[TimeControl "180+2"]
[Date "2023.05.31"]
[WhiteClock "0:00:11"]
[BlackClock "0:00:05"]

1. d4 Nf6 2. c4 g6 3. Nf3 Bg7 4. g3 d6 5. Bg2 O-O 6. O-O Nc6 7. h3 a6 8. Nc3 Bd7 9. d5 Na5 10. Qd3 c5 11. e4 Rb8 12. Rb1 b5 13. b3 Qc7 14. Bd2 Rfc8 15. Rfe1 Ne8 16. Bg5 f6 17. Bd2 Rb7 18. Rbc1 bxc4 19. bxc4 Rcb8 20. h4 Rb2 21. h5 g5 22. e5 dxe5 23. Bxg5 fxg5 24. Nxg5 Nf6 25. Nce4 Nxh5 26. d6 exd6 27. Nxd6 Nf6 28. Bd5+ Kf8 29. Nde4 Nxd5 30. Qxd5 Bf5 31. Nxc5 Re8 32. Nce6+ Bxe6 33. Nxe6+ Rxe6 34. Qxe6 Nc6 35. Qf5+ Kg8 36. Qe6+ Kf8 37. Rc3 e4 38. Rxe4 Bxc3 39. Rf4+ Kg7 40. Rg4+ Kf8 41. Rg8# 1-0


[Site "https://www.chess.com"]

[Event "Titled Tuesday Blitz May 30 Late 2023"]
[White "zano2023"]
[Black "Bringas Gomez, Artai"]
[BlackFideId "24534064"]
[WhiteElo "2187"]
[BlackElo "2179"]
[Result "0-1"]
[Round "03"]
[TimeControl "180+2"]
[Date "2023.05.31"]
[WhiteClock "0:01:18"]
[BlackClock "0:01:29"]

1. d4 d5 2. Nf3 c6 3. Nbd2 Bf5 4. e3 e6 5. c4 Nf6 6. Qb3 Qb6 7. c5 Qc7 8. Bd3 Bxd3 9. Qxd3 Nbd7 10. O-O Be7 11. b4 O-O 12. Bb2 Rfe8 13. Rfe1 Bf8 14. h3 h6 15. a3 a6 16. Bc3 Rad8 17. Ne5 Nxe5 18. dxe5 Nd7 19. f4 g6 20. Bd4 Bg7 21. Nf3 Ra8 22. a4 a5 23. b5 cxb5 24. Qxb5 Nb8 25. Rab1 Re7 26. Qb6 Bf8 27. Qxc7 Rxc7 28. Rb5 Nd7 29. Reb1 Nxc5 30. Bxc5 Bxc5 31. Kf2 b6 32. g4 Rac8 33. R5b2 Bb4 34. Nd4 Bc3 35. Rxb6 Bxd4 36. exd4 Rc2+ 37. Kg3 R8c3+ 38. Kh4 Rh2 39. g5 h5 40. Rb8+ Kg7 0-1


[Site "https://www.chess.com"]

[Event "Titled Tuesday Blitz May 30 Late 2023"]
[White "Arnold, Ken"]
[Black "Stead, Kerry"]
[WhiteFideId "2056836"]
[BlackFideId "3202577"]
[WhiteElo "2391"]
[BlackElo "1997"]
[Result "1-0"]
[Round "03"]
[TimeControl "180+2"]
[Date "2023.05.31"]
[WhiteClock "0:00:08"]
[BlackClock "0:00:01"]

1. d4 c5 2. d5 f5 3. Nc3 g6 4. e4 fxe4 5. Nxe4 d6 6. Ng5 a6 7. Bd2 Nf6 8. N1f3 Bg7 9. Bc3 b5 10. b3 Bf5 11. Bd3 Bd7 12. h4 e5 13. dxe6 Bc6 14. Nf7 Qe7 15. Nxh8 Qxe6+ 16. Qe2 Qxe2+ 17. Bxe2 Bxh8 18. O-O-O d5 19. Rhe1 Kf8 20. Ng5 d4 21. Ba5 Nbd7 22. Bf3 Bxf3 23. gxf3 Nd5 24. c4 bxc4 25. bxc4 N5b6 26. Ne6+ Kf7 27. Nxc5 Nxc5 28. Bxb6 Rc8 29. Bxc5 Rxc5 30. Kd2 Rxc4 31. Rc1 Ra4 32. Rc2 Bf6 33. Re4 g5 34. hxg5 Bxg5+ 35. Kd3 Bf6 36. Rc7+ Kg6 37. Re6 Kf5 38. Rcc6 Ra3+ 39. Ke2 Rxa2+ 40. Kf1 Bh4 41. Re2 Ra1+ 42. Kg2 Bg5 43. Rc5+ Kg6 44. Rd5 Bf6 45. Re6 Kf7 46. Rdd6 Bg5 47. Rxa6 Rd1 48. Re4 d3 49. Rd6 d2 50. Red4 h5 51. f4 Be7 52. Rxd2 1-0


[Site "https://www.chess.com"]

[Event "Titled Tuesday Blitz May 30 Late 2023"]
[White "Kirillov, Dmitry"]
[Black "Delorme, Alban"]
[WhiteFideId "34180572"]
[BlackFideId "623636"]
[WhiteElo "2161"]
[BlackElo "2196"]
[Result "1-0"]
[Round "03"]
[TimeControl "180+2"]
[Date "2023.05.31"]
[WhiteClock "0:00:32"]
[BlackClock "0:00:01"]

1. e4 c5 2. Nc3 Nc6 3. f4 g6 4. Nf3 Bg7 5. Bc4 e6 6. e5 Nge7 7. Ne4 O-O 8. c3 b6 9. O-O d5 10. exd6 Nf5 11. Bb5 Bb7 12. Qe2 Nxd6 13. Nxd6 Qxd6 14. d3 Rad8 15. Rd1 a6 16. Ba4 Ne7 17. Be3 Nf5 18. Bc2 Bh6 19. Ne5 Nxe3 20. Qxe3 f6 21. Nc4 Bxf4 22. Qh3 Qc6 23. Rf1 Bh6 24. Rae1 Rde8 25. Rf2 Bg7 26. Rfe2 e5 27. Bb3 Kh8 28. Nd2 f5 29. Nf3 e4 30. dxe4 Rxe4 31. Ng5 h6 32. Nxe4 fxe4 33. Rxe4 Qf6 34. R4e2 h5 35. Qe6 Qg5 36. Qxb6 Ba8 37. Bc2 Kh7 38. Qe6 Rf4 39. Qxa6 Bd5 40. Qd6 Rg4 41. Bxg6+ Kh6 42. Bf5+ 1-0


[Site "https://www.chess.com"]

[Event "Titled Tuesday Blitz May 30 Late 2023"]
[White "Kubicka, Anna"]
[Black "Smiechu"]
[WhiteFideId "1152254"]
[WhiteElo "2144"]
[BlackElo "2355"]
[Result "1-0"]
[Round "03"]
[TimeControl "180+2"]
[Date "2023.05.31"]
[WhiteClock "0:00:49"]
[BlackClock "0:01:13"]

1. e4 c5 2. Ne2 g6 3. g3 Bg7 4. Bg2 Nc6 5. O-O d6 6. c3 Nf6 7. d4 cxd4 8. cxd4 e5 9. Nbc3 O-O 10. h3 Re8 11. Be3 Qa5 12. d5 Ne7 13. a3 Nh5 14. b4 Qd8 15. Rc1 f5 16. f3 f4 17. gxf4 exf4 18. Nxf4 Nf5 19. exf5 Rxe3 20. Nxh5 gxh5 21. Ne4 Bxf5 22. Kh1 Qh4 23. Qd2 Bh6 24. Qd4 Bxh3 25. Nf6+ Kf7 26. Qxh4 Bxg2+ 27. Kxg2 1-0


[Site "https://www.chess.com"]

[Event "Titled Tuesday Blitz May 30 Late 2023"]
[White "MariusBieliauskas"]
[Black "StarkyNZ"]
[WhiteElo "2460"]
[BlackElo "2304"]
[Result "1-0"]
[Round "03"]
[TimeControl "180+2"]
[Date "2023.05.31"]
[WhiteClock "0:00:47"]
[BlackClock "0:00:29"]

1. d4 Nf6 2. c4 e6 3. Nf3 b6 4. g3 Ba6 5. Qa4 c6 6. Bg2 d5 7. cxd5 exd5 8. Nc3 Bd6 9. O-O O-O 10. Rd1 Re8 11. Qc2 h6 12. Bf4 Bxf4 13. gxf4 Nbd7 14. Ne5 Nxe5 15. fxe5 Nh5 16. e3 Qh4 17. f4 Bc8 18. Qf2 Qxf2+ 19. Kxf2 g6 20. Rac1 Bd7 21. b4 a6 22. a4 Ng7 23. b5 axb5 24. axb5 cxb5 25. Nxd5 Ra2+ 26. Kg1 Nh5 27. Nxb6 Bg4 28. Re1 Bf5 29. d5 Rb8 30. Rc6 Ra6 31. Nd7 Rba8 32. Rxa6 Rxa6 33. Nc5 Ra2 34. d6 Rd2 35. Bf3 Ng7 36. Re2 Rd1+ 37. Kf2 b4 38. Rb2 Ne6 39. Nxe6 Bxe6 40. Bxd1 1-0


[Site "https://www.chess.com"]

[Event "Titled Tuesday Blitz May 30 Late 2023"]
[White "Prieto Aranguren, Alain"]
[Black "Arencibia Monduy, Antonio"]
[WhiteFideId "2268906"]
[BlackFideId "3507939"]
[WhiteElo "2209"]
[BlackElo "2451"]
[Result "0-1"]
[Round "03"]
[TimeControl "180+2"]
[Date "2023.05.31"]
[WhiteClock "0:00:05"]
[BlackClock "0:01:18"]

1. d4 Nf6 2. c4 e6 3. Nc3 d5 4. cxd5 exd5 5. Bg5 Be7 6. e3 c6 7. Bd3 h6 8. Bf4 Ne4 9. Nxe4 dxe4 10. Bxe4 Bb4+ 11. Kf1 O-O 12. Nf3 Re8 13. Bd3 Bd6 14. Bxd6 Qxd6 15. Qb3 b6 16. Ne5 Be6 17. Qa3 Qc7 18. Rc1 Bd5 19. e4 Be6 20. Nxc6 Nxc6 21. d5 Qf4 22. Rxc6 Bd7 23. Rc2 Rac8 24. Qb3 Rxc2 25. Qxc2 Rc8 26. Qd1 Rc1 27. Ke2 Rxd1 28. Rxd1 Qg4+ 29. Ke3 Qxg2 30. f3 g5 31. Rd2 Qg1+ 32. Ke2 Qxh2+ 33. Ke3 Qf4+ 34. Ke2 g4 0-1


[Site "https://www.chess.com"]

[Event "Titled Tuesday Blitz May 30 Late 2023"]
[White "Gurevich, Dmitry"]
[Black "Botez, Alexandra"]
[WhiteFideId "2000407"]
[BlackFideId "2603365"]
[WhiteElo "2506"]
[BlackElo "2040"]
[Result "0-1"]
[Round "03"]
[TimeControl "180+2"]
[Date "2023.05.31"]
[WhiteClock "0:00:03"]
[BlackClock "0:00:10"]

1. d4 c5 2. d5 d6 3. Nc3 g6 4. e4 Bg7 5. Nf3 Nf6 6. Be2 O-O 7. O-O e6 8. h3 exd5 9. exd5 Na6 10. a4 Nc7 11. Bc4 Re8 12. Re1 Bd7 13. Bf4 Bf8 14. Qd2 a6 15. Rxe8 Bxe8 16. Bg5 Be7 17. Re1 b5 18. Qf4 bxc4 19. Rxe7 Qxe7 20. Bxf6 Qf8 21. Ng5 Bd7 22. Nge4 Ne8 23. Ne2 Bf5 24. Bc3 Bxe4 25. Qxe4 Ng7 26. Ng3 Re8 27. Qf4 f5 28. h4 Qe7 29. Qxc4 Kf7 30. Qxa6 f4 31. Nf1 Nf5 32. Qc4 Qxh4 33. a5 Qg5 34. Qd3 Nh4 35. Qh3 f3 36. g3 Ng2 37. a6 Ra8 0-1


[Site "https://www.chess.com"]

[Event "Titled Tuesday Blitz May 30 Late 2023"]
[White "Wizard_of_Odds"]
[Black "Kornyukov, Alexey"]
[BlackFideId "4150457"]
[WhiteElo "2435"]
[BlackElo "2352"]
[Result "1-0"]
[Round "03"]
[TimeControl "180+2"]
[Date "2023.05.31"]
[WhiteClock "0:00:39"]
[BlackClock "0:00:02"]

1. Nf3 d5 2. e3 Nf6 3. c4 e6 4. b3 Be7 5. Bb2 O-O 6. Be2 b6 7. O-O Bb7 8. Nc3 c5 9. cxd5 Nxd5 10. Nxd5 Qxd5 11. Qc2 Nc6 12. Rad1 Rac8 13. Qb1 Rfd8 14. Qa1 Bf8 15. Ne1 Qf5 16. Bf3 Ba6 17. d3 Nb4 18. Be4 Qh5 19. a3 Nd5 20. g3 Qh6 21. Ng2 f5 22. Bf3 Be7 23. Rd2 Bf6 24. Rc1 Bxb2 25. Qxb2 Nf6 26. d4 Qg6 27. dxc5 Rxd2 28. Qxd2 bxc5 29. Qd6 Qf7 30. Qxa6 Qd7 31. Qc4 Nd5 32. Nf4 Nxf4 33. exf4 Kh8 34. b4 1-0


[Site "https://www.chess.com"]

[Event "Titled Tuesday Blitz May 30 Late 2023"]
[White "Rama, Tejas"]
[Black "ritanovikova"]
[WhiteFideId "30907381"]
[WhiteElo "2089"]
[BlackElo "2174"]
[Result "1-0"]
[Round "03"]
[TimeControl "180+2"]
[Date "2023.05.31"]
[WhiteClock "0:02:13"]
[BlackClock "0:02:32"]

1. d4 e5 2. dxe5 Nc6 3. Nf3 Qe7 4. Nc3 Nxe5 5. Bf4 Nxf3+ 6. gxf3 c6 7. Qd2 d5 8. O-O-O Bf5 9. e4 dxe4 10. fxe4 Bg4 11. Nb5 Rc8 12. Nd6+ 1-0


[Site "https://www.chess.com"]

[Event "Titled Tuesday Blitz May 30 Late 2023"]
[White "Przybylski, Wojciech"]
[Black "Ogreberbere"]
[WhiteFideId "1117599"]
[WhiteElo "2222"]
[BlackElo "2157"]
[Result "1-0"]
[Round "03"]
[TimeControl "180+2"]
[Date "2023.05.31"]
[WhiteClock "0:00:22"]
[BlackClock "0:00:01"]

1. e4 e6 2. d4 d5 3. Nc3 Nf6 4. e5 Nfd7 5. f4 c5 6. Nf3 Nc6 7. Be3 cxd4 8. Nxd4 Bc5 9. Qd2 a6 10. O-O-O Bxd4 11. Bxd4 b5 12. Qf2 Qa5 13. Kb1 b4 14. Ne2 Qc7 15. Nc1 a5 16. Bb5 Ba6 17. Ba4 O-O 18. f5 Ncxe5 19. Bxd7 Nxd7 20. f6 Nxf6 21. Bxf6 gxf6 22. Qxf6 Rac8 23. Qg5+ Kh8 24. Qf6+ Kg8 25. Rd2 Qd8 26. Qe5 Rc4 27. Re1 Qh4 28. g3 Qg4 29. Qd6 Bb5 30. Qb6 Bd7 31. Qa7 Bc6 32. Qxa5 Rc8 33. Qa6 Ra8 34. Qb6 Qf5 35. Rf2 Qg6 36. Nd3 Rc8 37. Ne5 Qg5 38. Nxc4 dxc4 39. Qxb4 Bd5 40. Qc3 Ra8 41. a3 Rb8 42. Rf4 h5 43. Qe5 Qxe5 44. Rxe5 Kg7 45. Rxh5 c3 46. b3 1-0


[Site "https://www.chess.com"]

[Event "Titled Tuesday Blitz May 30 Late 2023"]
[White "Schain, Randolph"]
[Black "Abduzhaparov"]
[WhiteFideId "2003139"]
[WhiteElo "2123"]
[BlackElo "2406"]
[Result "0-1"]
[Round "03"]
[TimeControl "180+2"]
[Date "2023.05.31"]
[WhiteClock "0:00:12"]
[BlackClock "0:00:45"]

1. e4 d6 2. d4 Nf6 3. Nc3 e5 4. Nge2 exd4 5. Nxd4 Be7 6. f3 O-O 7. Be3 Re8 8. Bc4 c6 9. Qd2 d5 10. Bb3 dxe4 11. fxe4 Ng4 12. Bg1 Bh4+ 13. g3 Bg5 14. Qe2 Ne5 15. Be3 Bg4 16. Qf2 Bxe3 17. Qxe3 Qxd4 18. Bxf7+ Kf8 19. Qxd4 Nf3+ 20. Kf2 Nxd4 21. Bxe8 Kxe8 22. Rac1 Na6 23. Ke3 c5 24. Nd5 Be6 25. c4 Bxd5 26. cxd5 Ke7 27. e5 b6 28. Rhf1 Nb4 29. e6 Nxd5+ 30. Ke4 Kxe6 31. a3 Nf6+ 32. Kd3 Kd6 33. b4 Re8 34. bxc5+ bxc5 35. Rb1 Nd5 36. Rb7 Re3+ 37. Kd2 Rxa3 38. Rxg7 c4 39. Rff7 Ra2+ 40. Kc1 Rc2+ 41. Kd1 Ne3+ 42. Ke1 Re2# 0-1


[Site "https://www.chess.com"]

[Event "Titled Tuesday Blitz May 30 Late 2023"]
[White "Prydun, Andriy"]
[Black "Torres Dominguez, David"]
[WhiteFideId "14145898"]
[BlackFideId "2220857"]
[WhiteElo "2164"]
[BlackElo "1999"]
[Result "0-1"]
[Round "03"]
[TimeControl "180+2"]
[Date "2023.05.31"]
[WhiteClock "0:00:16"]
[BlackClock "0:00:57"]

1. e4 Nc6 2. d4 e5 3. d5 Nce7 4. Bd3 Ng6 5. g3 Bc5 6. h4 h5 7. Nd2 d6 8. f3 N8e7 9. Nf1 c6 10. c4 cxd5 11. cxd5 Qb6 12. Rb1 Bxg1 13. Qe2 Bd4 14. b4 f5 15. a4 a5 16. Bd2 fxe4 17. Bxe4 O-O 18. bxa5 Qc5 19. Bb4 Qc7 20. Qd2 Bf5 21. g4 Bxe4 22. fxe4 hxg4 23. h5 Nf4 24. h6 g5 25. Ng3 Be3 26. Qb2 Bf2+ 27. Kd1 Bd4 28. Qb3 Rac8 29. h7+ Kh8 30. Bd2 Neg6 31. Nf5 g3 32. Rc1 Qg7 33. Nxg7 Kxg7 34. Qxb7+ Kh8 35. Rxc8 g2 36. Re1 g1=Q 0-1


[Site "https://www.chess.com"]

[Event "Titled Tuesday Blitz May 30 Late 2023"]
[White "zsizsi99"]
[Black "Manu_ChessExcelsior"]
[WhiteElo "2356"]
[BlackElo "2048"]
[Result "1-0"]
[Round "03"]
[TimeControl "180+2"]
[Date "2023.05.31"]
[WhiteClock "0:01:00"]
[BlackClock "0:00:19"]

1. e4 c6 2. Nf3 d5 3. exd5 cxd5 4. Ne5 Nc6 5. Bb5 Qb6 6. Bxc6+ bxc6 7. d4 Nf6 8. O-O e6 9. b3 a5 10. c4 Ba6 11. Re1 Be7 12. c5 Qc7 13. Nc3 O-O 14. a3 Rab8 15. Rb1 Qb7 16. Na4 Nd7 17. Nxd7 Qxd7 18. Nb6 Qa7 19. Bd2 Bd3 20. Rb2 Bg6 21. Bc3 Bf6 22. Qd2 h6 23. Bxa5 Bxd4 24. Qxd4 Qxa5 25. b4 Qxa3 26. Nd7 e5 27. Qd2 Ra8 28. Nxf8 Kxf8 29. Rxe5 Qa1+ 30. Re1 Qa4 31. h3 Be4 32. f3 Bg6 33. b5 Qc4 34. Rc1 Qa4 35. bxc6 Qxc6 36. Rb6 Qc7 37. Qxd5 Rc8 38. Qd6+ Qxd6 39. Rxd6 Ke7 40. Rd2 Bf5 41. c6 Be6 42. c7 f6 43. Kf2 1-0


[Site "https://www.chess.com"]

[Event "Titled Tuesday Blitz May 30 Late 2023"]
[White "Sarkar, Justin"]
[Black "Baidetskyi, Valentin"]
[WhiteFideId "2010011"]
[BlackFideId "14142317"]
[WhiteElo "2168"]
[BlackElo "2490"]
[Result "0-1"]
[Round "03"]
[TimeControl "180+2"]
[Date "2023.05.31"]
[WhiteClock "0:00:01"]
[BlackClock "0:00:07"]

1. e4 c6 2. d4 d5 3. e5 Bf5 4. f4 e6 5. Nf3 c5 6. Be3 Qb6 7. Nc3 Nc6 8. dxc5 Bxc5 9. Bxc5 Qxc5 10. Nb5 O-O-O 11. Nfd4 Nge7 12. c3 g5 13. Nd6+ Rxd6 14. exd6 Qxd6 15. fxg5 Be4 16. Qd2 Ne5 17. Nb5 Qb8 18. Qd4 N7c6 19. Qc5 Rd8 20. Qf2 Ng4 21. Qg3 Qxg3+ 22. hxg3 a6 23. Nd4 Nce5 24. Kd2 Rg8 25. Rh5 Bg6 26. Rh4 Be4 27. Be2 Rxg5 28. Nf3 Rg7 29. Rah1 Kc7 30. Nxe5 Nxe5 31. R1h2 Rxg3 32. R4h3 Rg7 33. g3 Kd6 34. Ke3 Bf5 35. g4 Bxg4 36. Rg3 f5 37. Rhg2 h5 38. Bf1 h4 0-1


[Site "https://www.chess.com"]

[Event "Titled Tuesday Blitz May 30 Late 2023"]
[White "Jarovinsky, Alexey"]
[Black "lluiss"]
[WhiteFideId "14115131"]
[WhiteElo "2446"]
[BlackElo "2299"]
[Result "1-0"]
[Round "03"]
[TimeControl "180+2"]
[Date "2023.05.31"]
[WhiteClock "0:00:15"]
[BlackClock "0:00:31"]

1. Nc3 d5 2. e4 d4 3. Nce2 e5 4. Ng3 Be6 5. c3 dxc3 6. bxc3 a6 7. Nf3 Nc6 8. d4 exd4 9. cxd4 Bb4+ 10. Bd2 Bxd2+ 11. Qxd2 Bg4 12. d5 Nb8 13. Qf4 Bxf3 14. gxf3 Nf6 15. Qe5+ Qe7 16. Qxe7+ Kxe7 17. Nf5+ Kf8 18. Rb1 b6 19. Rc1 Ne8 20. d6 g6 21. dxc7 Nxc7 22. Rxc7 gxf5 23. Rc8+ Kg7 24. Rg1+ Kf6 25. Rxh8 1-0


[Site "https://www.chess.com"]

[Event "Titled Tuesday Blitz May 30 Late 2023"]
[White "Bulgurlu, Okan"]
[Black "Cruz, Jonathan"]
[WhiteFideId "6352316"]
[BlackFideId "3802124"]
[WhiteElo "2290"]
[BlackElo "2407"]
[Result "0-1"]
[Round "03"]
[TimeControl "180+2"]
[Date "2023.05.31"]
[WhiteClock "0:00:42"]
[BlackClock "0:00:11"]

1. e4 c6 2. d4 d5 3. Nc3 dxe4 4. Nxe4 g6 5. Ng3 Bg7 6. Nf3 Nh6 7. c3 Nf5 8. Bd3 Nxg3 9. hxg3 Nd7 10. Bh6 Bxh6 11. Rxh6 Nf6 12. Qd2 Be6 13. Ng5 Qd5 14. Nxe6 Qxe6+ 15. Kf1 O-O-O 16. b4 Kb8 17. Qf4+ Ka8 18. Re1 Qxa2 19. Qc7 Ng4 20. Re2 Qa1+ 21. Re1 Qb2 22. Re2 Qc1+ 23. Re1 Qd2 24. Be2 Nxh6 25. Ba6 Rb8 26. Ra1 bxa6 27. Qxc6+ Rb7 28. Rxa6 Qd1# 0-1


[Site "https://www.chess.com"]

[Event "Titled Tuesday Blitz May 30 Late 2023"]
[White "Dubreuil, Julien"]
[Black "egorchess95"]
[WhiteFideId "621285"]
[WhiteElo "2288"]
[BlackElo "2666"]
[Result "0-1"]
[Round "03"]
[TimeControl "180+2"]
[Date "2023.05.31"]
[WhiteClock "0:00:31"]
[BlackClock "0:02:08"]

1. e4 c5 2. Nf3 Nc6 3. d4 cxd4 4. Nxd4 Nf6 5. Nc3 e5 6. Ndb5 d6 7. Na3 a6 8. Nc4 Be6 9. Bg5 Rb8 10. Bxf6 Qxf6 11. Nd5 Qd8 12. Nce3 Be7 13. Bc4 Bg5 14. O-O O-O 15. a4 Kh8 16. c3 Ne7 17. a5 g6 18. Qe2 f5 19. exf5 gxf5 20. Nxe7 Qxe7 21. Bxe6 Qxe6 22. Qc4 Qg6 23. Nd5 Rg8 24. g3 f4 25. Rae1 Rbf8 26. Qe4 Qh5 27. Kh1 f3 28. Rg1 Qh3 29. g4 Rf4 30. Nxf4 Bxf4 31. Rg3 Bxg3 32. fxg3 f2 0-1


[Site "https://www.chess.com"]

[Event "Titled Tuesday Blitz May 30 Late 2023"]
[White "Iskusnyh, Sergei"]
[Black "KVAIDAN"]
[WhiteFideId "4120027"]
[WhiteElo "2492"]
[BlackElo "2286"]
[Result "1-0"]
[Round "03"]
[TimeControl "180+2"]
[Date "2023.05.31"]
[WhiteClock "0:00:06"]
[BlackClock "0:00:19"]

1. e4 e5 2. Nf3 d5 3. exd5 e4 4. Qe2 Nf6 5. d3 Bb4+ 6. Bd2 O-O 7. Bxb4 exf3 8. Qxf3 Re8+ 9. Kd2 Bg4 10. Qg3 Qxd5 11. Nc3 Qg5+ 12. f4 Qh5 13. h3 Nc6 14. Ba3 Nd4 15. Rh2 Bd7 16. Qg5 Qxg5 17. fxg5 Nh5 18. Bc5 Ne6 19. Be3 g6 20. g4 Nhf4 21. Ne4 Nd5 22. Bf2 Kg7 23. c4 Nb4 24. Bg3 Bc6 25. a3 Bxe4 26. axb4 Rad8 27. Kc3 Bc6 28. b5 Bd7 29. Be5+ Kg8 30. Bf6 Ra8 31. Bg2 c6 32. bxc6 Bxc6 33. Bxc6 bxc6 34. b4 Nf4 35. h4 Re3 36. Rd1 a5 37. b5 cxb5 38. cxb5 Rc8+ 39. Kd4 Rg3 40. b6 Ne6+ 41. Kd5 Rxg4 42. d4 Rg3 43. Rb2 Re8 44. b7 Nc7+ 45. Kc6 Na6 46. Be5 Rc3+ 47. Kd7 Rf8 48. b8=Q Nxb8+ 49. Rxb8 a4 50. Rxf8+ Kxf8 51. d5 Rb3 52. d6 Rb7+ 53. Kc6 Ra7 54. d7 Ra8 55. Kb7 Rd8 56. Bd6+ Kg7 57. Kc7 Ra8 58. Be5+ Kf8 59. Bf6 Ra7+ 60. Kb6 Rxd7 61. Rxd7 Ke8 62. Rd8# 1-0


[Site "https://www.chess.com"]

[Event "Titled Tuesday Blitz May 30 Late 2023"]
[White "The_Straightforward_Rook"]
[Black "Do Nascimento,Christian Almeida"]
[BlackFideId "2143801"]
[WhiteElo "2279"]
[BlackElo "2118"]
[Result "0-1"]
[Round "03"]
[TimeControl "180+2"]
[Date "2023.05.31"]
[WhiteClock "0:00:45"]
[BlackClock "0:00:28"]

1. e4 c5 2. Nf3 d6 3. c3 Nf6 4. h3 g6 5. Bd3 Bg7 6. O-O O-O 7. Re1 Nc6 8. Bc2 Rb8 9. d4 cxd4 10. cxd4 d5 11. e5 Ne4 12. Bxe4 dxe4 13. Rxe4 Bf5 14. Re1 Nb4 15. Na3 Nd3 16. Re2 Qd5 17. Be3 Nb4 18. Rd2 Rbc8 19. Ne1 Rc6 20. b3 Rfc8 21. Nc4 b5 22. Nb2 Nc2 23. Nxc2 Rxc2 24. Rxc2 Rxc2 25. Nd3 Bxd3 26. Qxd3 Qc6 27. a4 b4 28. Qb5 f6 29. Qxb4 fxe5 30. dxe5 Bxe5 31. Qxe7 Bxa1 32. Qd8+ Kf7 33. Bg5 Rc1+ 34. Kh2 Qc7+ 0-1


[Site "https://www.chess.com"]

[Event "Titled Tuesday Blitz May 30 Late 2023"]
[White "Almeida Junior, Alvaro Alves de"]
[Black "Uzcategui Rodriguez, Alejandro"]
[WhiteFideId "2149974"]
[BlackFideId "3903400"]
[WhiteElo "2122"]
[BlackElo "2252"]
[Result "0-1"]
[Round "03"]
[TimeControl "180+2"]
[Date "2023.05.31"]
[WhiteClock "0:02:31"]
[BlackClock "0:02:07"]

1. e4 d6 2. d4 Nf6 3. Nc3 Nbd7 4. Be3 e5 5. f3 Be7 6. Qd2 c6 7. O-O-O b5 8. dxe5 dxe5 9. g4 Qa5 10. Kb1 b4 11. Nce2 Nc5 12. h4 Be6 13. b3 Rb8 14. Nc1 Nfxe4 15. fxe4 Nxe4 16. Qd3 Nc3+ 17. Ka1 Rd8 0-1


[Site "https://www.chess.com"]

[Event "Titled Tuesday Blitz May 30 Late 2023"]
[White "Skuhala, Barbara"]
[Black "Remolar Gallen, Jose"]
[WhiteFideId "14605465"]
[BlackFideId "2215187"]
[WhiteElo "2072"]
[BlackElo "2223"]
[Result "1-0"]
[Round "03"]
[TimeControl "180+2"]
[Date "2023.05.31"]
[WhiteClock "0:00:24"]
[BlackClock "0:00:04"]

1. e4 c5 2. Nf3 d6 3. d4 cxd4 4. Nxd4 Nf6 5. f3 e5 6. Nb3 a5 7. a4 d5 8. Bg5 d4 9. c3 Nc6 10. Bb5 Be7 11. cxd4 exd4 12. Qxd4 O-O 13. Qxd8 Rxd8 14. Nc3 Nb4 15. O-O Be6 16. Nc1 h6 17. Bxf6 Bxf6 18. N1e2 Rd2 19. Rab1 Rad8 20. Rfd1 Bb3 21. Rxd2 Rxd2 22. f4 Be7 23. h3 Bc5+ 24. Kh1 Be3 25. Ng3 Bxf4 26. Nf5 Be5 27. Ne3 g6 28. Be8 Kf8 29. Bb5 Nc2 30. Ng4 Bg3 31. Nxh6 Kg7 32. Ng4 f5 33. exf5 gxf5 34. Nh2 Ne3 35. Nf3 Rxg2 36. Rg1 Rxg1+ 37. Kxg1 Bf4 38. Nd4 Bf7 39. Nce2 Be5 40. Kf2 f4 41. Nf3 Bh5 42. Nxe5 Bxe2 43. Kxe2 Kf6 44. Ng4+ Nxg4 45. hxg4 Kg5 46. Kf3 1-0


[Site "https://www.chess.com"]

[Event "Titled Tuesday Blitz May 30 Late 2023"]
[White "Goffredo_Fofi"]
[Black "Wang, Alexander J"]
[BlackFideId "30955270"]
[WhiteElo "2467"]
[BlackElo "2268"]
[Result "1-0"]
[Round "03"]
[TimeControl "180+2"]
[Date "2023.05.31"]
[WhiteClock "0:01:22"]
[BlackClock "0:00:48"]

1. e4 c5 2. d3 Nc6 3. g3 d6 4. Bg2 g6 5. f4 Bg7 6. Nf3 e6 7. O-O Nge7 8. c3 O-O 9. Be3 b6 10. Bf2 Bb7 11. Re1 d5 12. e5 Rc8 13. Na3 a6 14. Nc2 Qd7 15. g4 d4 16. c4 b5 17. b3 bxc4 18. bxc4 Na7 19. Qd2 Bc6 20. Bh4 Rfe8 21. Bf6 Qb7 22. Rab1 Qa8 23. Rf1 Rb8 24. Ng5 Bxg2 25. Qxg2 Qxg2+ 26. Kxg2 Bf8 27. Ne4 Nec6 28. Bh4 Rxb1 29. Nf6+ 1-0


[Site "https://www.chess.com"]

[Event "Titled Tuesday Blitz May 30 Late 2023"]
[White "Harish, Neeraj"]
[Black "Kokoszczynski, Jan"]
[WhiteFideId "30958130"]
[BlackFideId "1174460"]
[WhiteElo "1879"]
[BlackElo "2139"]
[Result "0-1"]
[Round "03"]
[TimeControl "180+2"]
[Date "2023.05.31"]
[WhiteClock "0:00:04"]
[BlackClock "0:00:09"]

1. e4 e5 2. Nf3 Nc6 3. Bc4 Nf6 4. d3 Bc5 5. O-O d6 6. c3 a6 7. a4 Ba7 8. Nbd2 O-O 9. Re1 Ne7 10. Nf1 Ng6 11. Ng3 c6 12. Bb3 Re8 13. d4 Be6 14. Bc2 Qc7 15. Bg5 Nd7 16. Qd2 f6 17. Be3 Bf7 18. Nf5 Rad8 19. Rad1 Ndf8 20. d5 Bxe3 21. Qxe3 cxd5 22. exd5 Ne7 23. Nxe7+ Qxe7 24. Nh4 g6 25. c4 Rc8 26. Bd3 f5 27. g3 a5 28. Bf1 Nd7 29. Qd2 b6 30. Nf3 Qf6 31. b4 axb4 32. Qxb4 Rc5 33. Nd2 Ra8 34. Nb3 Rc7 35. a5 bxa5 36. Nxa5 Nc5 37. Nc6 Kg7 38. Qc3 e4 39. Qxf6+ Kxf6 40. Rb1 Be8 41. Rb6 Bxc6 42. dxc6 Rac8 43. Rd1 Rxc6 44. Rxd6+ Rxd6 45. Rxd6+ Ke7 46. Rb6 Nd7 47. f3 exf3 48. Kf2 Ne5 49. Rb5 Kf6 50. Rb6+ Kg5 51. h3 Ra8 52. h4+ Kg4 53. Rb2 Rd8 54. c5 f4 55. gxf4 Kxf4 56. Rb4+ Kf5 57. Bh3+ Kf6 58. Kg3 Rd2 59. Rf4+ Ke7 60. Re4 Kf6 61. Rf4+ Kg7 62. Re4 Rc2 63. Rxe5 f2 64. Kg2 Rc3 65. Kf1 Rxh3 66. Kxf2 Rc3 67. Re7+ Kh6 68. Rc7 Kh5 69. Kg2 h6 70. Rc6 Rc4 71. Kg3 Rg4+ 72. Kf3 Rxh4 73. Rc7 Rc4 74. c6 g5 75. Rc8 Rc3+ 76. Kg2 Kg4 77. c7 h5 78. Ra8 Rc2+ 79. Kg1 Rxc7 80. Ra4+ Kh3 81. Ra3+ Kh4 82. Ra4+ g4 83. Kg2 Rc2+ 84. Kg1 Kh3 85. Ra1 h4 86. Rf1 g3 87. Rf3 Rc1+ 88. Rf1 Rxf1+ 89. Kxf1 Kh2 0-1


[Site "https://www.chess.com"]

[Event "Titled Tuesday Blitz May 30 Late 2023"]
[White "Escalante Ramirez, Rafael"]
[Black "Seletsky, Grigory"]
[WhiteFideId "3900177"]
[BlackFideId "14112191"]
[WhiteElo "2259"]
[BlackElo "2491"]
[Result "0-1"]
[Round "03"]
[TimeControl "180+2"]
[Date "2023.05.31"]
[WhiteClock "0:00:01"]
[BlackClock "0:01:04"]

1. Nf3 d5 2. d4 c6 3. c4 Nf6 4. e3 e6 5. Nbd2 Be7 6. Bd3 O-O 7. O-O Nbd7 8. e4 dxe4 9. Nxe4 b6 10. Qe2 Bb7 11. Rd1 Qc7 12. Bg5 Rfe8 13. Bh4 c5 14. Bg3 Qc6 15. Nxf6+ Nxf6 16. dxc5 Bxc5 17. a3 a5 18. Be5 Rad8 19. Bc3 a4 20. Ne1 Rd7 21. Rd2 Red8 22. Rad1 Bd4 23. Bxd4 Rxd4 24. f3 R4d7 25. Nc2 Qc5+ 26. Kh1 Kf8 27. Nb4 g5 28. h3 h5 29. Nc2 h4 30. Ne3 Nh5 31. Qe1 Nf4 32. Be4 Rxd2 33. Rxd2 Rxd2 34. Qxd2 Bxe4 35. fxe4 Ke7 36. Kh2 Qd6 37. Qxd6+ Kxd6 38. g3 Nd3 39. Nd1 Kc5 40. gxh4 gxh4 0-1


[Site "https://www.chess.com"]